 Dungeon Crawl Stone Soup version 0.28.0-45-g0d030f2227 (webtiles) character file.

Game seed: 3954303258948491753

91 issech the Cudgeller (level 4, -4/35 (45) HPs)
             Began as a Troll Monk on Apr 13, 2022.
             Killed from afar by an orc wizard (6 damage)
             ... with a puff of flame
             ... on level 3 of the Dungeon.
             The game lasted 00:06:00 (1729 turns).

issech the Cudgeller (Troll Monk)                   Turns: 1729, Time: 00:06:02

HP:   -4/35 (45)    AC:  4    Str: 19    XL:     4   Next: 33%
MP:   3/3           EV: 10    Int:  6    God:
Gold: 137           SH:  0    Dex: 14    Spells: 3/3 levels left

rFire   . . .      SeeInvis .   r - +0 flail
rCold   . . .      Faith    .   (no shield)
rNeg    . . .      Spirit   .   b - +0 robe
rPois   .          Reflect  .   (helmet restricted)
rElec   .          Harm     .   (no cloak)
rCorr   .          Rampage  .   (gloves unavailable)
Will    .....                   (boots unavailable)
Stlth   ++........              (no amulet)
HPRegen 0.91/turn               (no ring)
MPRegen 0.08/turn               (no ring)

@: heavily drained
A: large, unfitting armour, claws 3, regeneration 1, shaggy fur 1, tough skin 1
a: no special abilities


You were on level 3 of the Dungeon.
You visited 1 branch of the dungeon, and saw 3 of its levels.

You collected 137 gold pieces.

Inventory:

Hand Weapons
 a - a +0 mace
 r - a +0 flail (weapon)
Missiles
 c - 66 arrows
 d - 41 sling bullets
 h - 23 stones (quivered)
 o - 5 poisoned darts
 p - 2 javelins
Armour
 b - a +0 robe (worn)
Jewellery
 q - a +4 ring of protection
Scrolls
 e - a scroll of amnesia {unknown}
 f - 4 scrolls of identify {unknown}
 g - a scroll of immolation
 i - a scroll of holy word {unknown}
 j - a scroll of acquirement {unknown}
 k - 2 scrolls of teleportation {unknown}
 m - a scroll of silence {unknown}
 s - a scroll of summoning {unknown}
Potions
 l - a potion of lignification {unknown}
 n - a potion of degeneration {unknown}


   Skills:
 + Level 3.0 Fighting
 + Level 3.6 Maces & Flails
 + Level 0.1 Throwing
 + Level 3.0 Dodging
 + Level 1.1 Stealth


You had 3 spell levels left.
You didn't know any spells.
Your spell library contained the following spells:

 Spells                   Type           Power      Damage    Failure   Level
 Ensorcelled Hibernation  Hex/Ice        0%         N/A       58%         2
 Passwall                 Tmut/Erth      0%         N/A       58%         2
 Swiftness                Air            0%         N/A       83%         3


Dungeon Overview and Level Annotations

Branches:
Dungeon (3/15)

Altars:

Shops:
D:1 [


Innate Abilities, Weirdness & Mutations

You are too large for most types of armour.
You have claws for hands.
Your natural rate of healing is unusually fast.
You are covered in fur. (AC +1)
You have tough skin. (AC +1)


Message History

The puff of flame hits you! The orc closely misses you.
You barely miss the orc.
The orc is severely wounded.
Something hits you.
You feel drained. The orc hits you with a +0 flail.
You hit the orc.
You kill the orc!
Something hits you.
You feel drained.
You hear some strange, mumbled words.
Something tries to affect you, but you resist.
A magic dart appears from out of thin air!
The magic dart hits you.
* * * LOW HITPOINT WARNING * * *
Things that are here:
a +0 flail; a +0 leather armour; an orc corpse You hear some strange, mumbled words.
You are confused.
You bump into the rock wall.
A magic dart appears from out of thin air!
The magic dart hits you.
* * * LOW HITPOINT WARNING * * *
You feel less confused.
An orc wizard appears from thin air!
Reactivating autopickup.
The orc wizard points at you and mumbles some strange words.
You are confused.
The orc wizard points at you and mumbles some strange words.
You resist with some effort.
The orc wizard hits you with a +1 dagger of draining.
You feel drained. The endoplasm hits you. The orc wizard closely misses you.
You feel less confused. The endoplasm hits you.
The orc hits you with a +0 flail!
* * * LOW HITPOINT WARNING * * *
You barely miss the orc wizard.
The orc wizard is severely wounded.
The endoplasm barely misses you. The orc hits you with a +0 flail.
* * * LOW HITPOINT WARNING * * *
The orc wizard casts a spell at you. The puff of flame hits you.
You die...

#....#
...#.###########....#
.(((((..)...o)......#
(####...########....#
###.. ##.......# ##.#
#..##....#
#.###.##.....#
#.....o......#
####....@o.######
........J..#
#...###.##.# #.#
##.##.# #..##.#
#.###.# ##[# #.. #..#
... #### #.## ....


You could see an orc wizard, an orc and an endoplasm.

Vanquished Creatures
  3 adders
  A worm (D:3)
  A dart slug (D:2)
  3 orcs (D:3)
  4 endoplasms (D:1)
  A giant cockroach (D:1)
  7 hobgoblins
  7 jackals
  2 quokkas
  6 ball pythons
  A bat (D:1)
  2 frilled lizards (D:3)
  4 goblins
  8 kobolds
  3 rats
53 creatures vanquished.

Notes
Turn   | Place    | Note
-------+----------+-------------------------------------------
     0 | D:1      | issech the Troll Monk began the quest for the Orb.
     0 | D:1      | Reached XP level 1. HP: 22/22 MP: 0/0
   208 | D:1      | Reached XP level 2. HP: 29/29 MP: 1/1
   219 | D:1      | Found a faded altar of an unknown god.
   318 | D:1      | Found Salia's Antique Armour Shoppe.
   748 | D:2      | Reached XP level 3. HP: 9/36 MP: 2/2
  1454 | D:3      | Reached XP level 4. HP: 35/44 MP: 3/3
  1729 | D:3      | Killed from afar by an orc wizard

Illustrated notes

Levels and vault maps discovered:
D:1:      wander_arrival_fairy_ring, layout_loops_ring, serial_shops,
          nicolae_shop_temple_entry_statues_fountains,
          hellmonk_ecumenical_altar_blasted, nrook_mini_backslash,
          kennysheep_flooded_box, st_stairs_1
D:2:      layout_loops_ring
D:3:      layout_rooms, nemelex_diamond_rough_becter

Skill      XL: |  1  2  3  4 |
---------------+-------------+-----
Maces & Flails | 3 |  3.6
Fighting       | 3 |  3.0
Dodging        | 3 |  3.0
Throwing       | |  0.1
Stealth        | |  1.1

Action                   |  1- 3 |  4- 6 || total
-------------------------+-------+-------++-------
Melee: Mace              |   141 |     5 ||   146
       Flail             |       |    37 ||    37
       Punch             |       |     2 ||     2
Throw: Stone             |    10 |    17 ||    27
 Stab: Sleeping          |     2 |       ||     2
Armor: Robe              |    55 |    14 ||    69
Dodge: Dodged            |    90 |    27 ||   117
